 Dungeon Crawl Stone Soup version 0.25.1-2-g60ff931df9 (webtiles) character file.

Game seed: 6863301055236152739

75422 gruber the Devastator (level 15, -15/124 HPs)
             Began as a Green Draconian Conjurer on Nov 11, 2020.
             Was a High Priest of Vehumet.
             Demolished by a frost giant
             ... wielding a +2 battleaxe of freezing
              (18 damage)
             ... on level 12 of the Dungeon on Nov 15, 2020.
             The game lasted 00:52:01 (27378 turns).

gruber the Devastator (Green Draconian Conjurer)   Turns: 27378, Time: 00:52:02

Health: -15/124    AC: 14    Str: 10    XL:     15   Next: 9%
Magic:  10/30      EV: 23    Int: 28    God:    Vehumet [*****.]
Gold:   1415       SH:  6    Dex: 15    Spells: 19/36 levels left

rFire    . . .     SeeInvis .   W - +3 falchion "Ypoxtiod" {vorpal, MR- Int+5}
rCold    . . .     Gourm    .   Z - +0 buckler
rNeg     . . .     Faith    .   (armour unavailable)
rPois    +         Spirit   .   U - +1 hat {MR+}
rElec    .         Reflect  .   G - +2 cloak "Costret" {Dex+4}
rCorr    .         Harm     .   (no gloves)
MR       +....                  Y - +0 pair of boots
Stlth    ++........             q - amulet of the acrobat
HPRegen  0.30/turn              u - +4 ring of evasion
MPRegen  0.22/turn              J - +4 ring of evasion

@: no potions, slowed, very slow
A: breathe noxious fumes, unfitting armour, stinger 1, poison resistance,
cold-blooded, AC +9
a: Breathe Noxious Fumes, Renounce Religion


You were on level 12 of the Dungeon.
You worshipped Vehumet.
Vehumet was extremely pleased with you.
You were not hungry.

You visited 4 branches of the dungeon, and saw 22 of its levels.

You collected 2237 gold pieces.
You spent 822 gold pieces at shops.

Inventory:

Hand Weapons
 l - a +2 trident of venom
 C - a +5 spear of freezing
 M - a +3 rapier of speed
 W - the +3 falchion "Ypoxtiod" (weapon) {vorpal, MR- Int+5}
   (You found it on level 4 of the Lair of Beasts)

   It inflicts extra damage upon your enemies.
   It affects your intelligence (+5).
   It affects your resistance to hostile enchantments.
Missiles
 h - 42 poisoned darts (quivered)
Armour
 G - the +2 cloak "Costret" (worn) {Dex+4}
   (You bought it in a shop on level 8 of the Dungeon)

   It affects your dexterity (+4).
 U - a +1 hat of magic resistance (worn)
 Y - a +0 pair of boots (worn)
 Z - a +0 buckler (worn)
Jewellery
 q - an amulet of the acrobat (around neck)
 u - a +4 ring of evasion (left hand)
 x - an uncursed ring of protection from cold
 J - a +4 ring of evasion (right hand)
 L - an uncursed ring of protection from fire
Wands
 z - a wand of iceblast (12)
 B - a wand of polymorph (6)
 E - a wand of enslavement (2)
 F - a wand of acid (4)
 P - a wand of flame (46)
 X - a wand of clouds (5)
Scrolls
 e - 8 scrolls of teleportation
 i - 6 scrolls of blinking {unknown}
 j - 5 scrolls of fog
 p - 3 scrolls of magic mapping {unknown}
 r - 2 scrolls of noise {unknown}
 s - 4 scrolls of fear {unknown}
 t - a scroll of amnesia {unknown}
 v - 6 scrolls of remove curse
 A - 2 scrolls of random uselessness {unknown}
 D - a scroll of holy word {unknown}
 K - 4 scrolls of enchant armour
 Q - a scroll of summoning {unknown}
 V - a scroll of enchant weapon {unknown}
Potions
 c - 3 potions of cancellation
 d - 2 potions of resistance
 f - 5 potions of stabbing
 g - 2 potions of brilliance
 k - a potion of lignification {unknown}
 m - 3 potions of heal wounds
 n - 6 potions of curing
 o - 4 potions of flight {unknown}
 w - 4 potions of haste
 H - a potion of might
 I - a potion of ambrosia {unknown}
 N - a potion of invisibility
 S - a potion of mutation
Miscellaneous
 O - a phial of floods
Comestibles
 b - 37 rations


   Skills:
 - Level 9.0 Fighting
 - Level 5.0 Dodging
 - Level 1.7 Stealth
 - Level 7.0 Shields
 - Level 11.2 Spellcasting
 - Level 17.0 Conjurations
 - Level 5.1 Translocations
 * Level 9.8 Ice Magic
 - Level 2.1 Air Magic
 - Level 6.0 Poison Magic


You had 19 spell levels left.
You knew the following spells:

 Your Spells              Type           Power        Failure   Level  Hunger
a - Magic Dart            Conj           ####         0%          1    None
b - Searing Ray           Conj           ######       0%          2    None
c - Blink                 Tloc           N/A          1%          2    None
d - Mephitic Cloud        Conj/Pois/Air  ######..     1%          3    None
e - Frozen Ramparts       Ice            ######       1%          3    None
f - Ozocubu's Refrigerat  Ice            ######....   2%          6    #####..

Your spell library contained the following spells:

 Spells                   Type           Power        Failure   Level  Hunger
 Apportation              Tloc           #####.       1%          1    None
 Conjure Flame            Conj/Fire      ######..     1%          3    None
 Dazzling Flash           Conj/Hex       ######       1%          3    None
 Gell's Gravitas          Tloc           #####.....   1%          3    None
 Fulminant Prism          Conj/Hex       ######....   1%          4    None
 Iskenderun's Mystic Bla  Conj/Tloc      ######..     1%          4    None
 Animate Skeleton         Necr           N/A          3%          1    None
 Corona                   Hex            ###....      3%          1    None
 Summon Small Mammal      Summ           ###.         3%          1    None
 Call Imp                 Summ           ###.....     5%          2    None
 Slow                     Hex            ###.....     5%          2    None
 Confusing Touch          Hex            ###.....     11%         3    None
 Metabolic Englaciation   Hex/Ice        #####.....   13%         5    ###....
 Yara's Violent Unravell  Hex/Tmut       ###.......   24%         5    ###....
 Petrify                  Tmut/Erth      ###.....     34%         4    None


Dungeon Overview and Level Annotations

Branches:
Dungeon (13/15)            Temple (1/1) D:6            Lair (6/6) D:10
  Swamp (0/4) Lair:4        Snake (0/4) Lair:3        Slime (0/5) Lair:6
    Orc (2/2) D:10            Elf (0/3) Orc:2
 Vaults: D:13-14

Altars:
Ashenzari
Cheibriados
Elyvilon
Fedhas
Gozag
Makhleb
Okawaru
Ru
Trog
Uskayaw
Vehumet
Wu Jian
Yredelemnul
Zin
The Shining One
Beogh
Jiyva

Shops:
D:8 *([   D:10 *%   D:12 *   Orc:1 *   Orc:2 [}%!


Innate Abilities, Weirdness & Mutations

You can breathe blasts of noxious fumes.
Your lurid green scales are hard. (AC +9)
You cannot fit into any form of body armour.
Your tail ends in a poisonous barb.
Your system is resistant to poisons. (rPois)
You are cold-blooded and may be slowed by cold attacks.


Message History

The bolt of cold hits you!!
* * * LOW HITPOINT WARNING * * *
The frost giant completely misses you.
Unknown command.
Unknown command.
Unknown command.
Unknown command.
Evoke which item? (* to show all) (? for menu, Esc to quit)
Aiming: Corrosive Bolt
Press: ? - help, Shift-Dir - straight line, f - frost giant
Aim: a frost giant, wielding a +2 battleaxe of freezing and wearing the amulet "Faefeem" {Acrobat rN+ Int+4 Dex+4 Stlth+} (lightly wounded)
The bolt of acid hits the frost giant!
The frost giant is splashed with acid!
The frost giant is moderately wounded.
The bolt of acid hits something!
The acid corrodes something!
Vehumet accepts your kill.
You feel your power returning.
Reactivating autopickup.
You feel a bit more experienced.
The frost giant hits you with a +2 battleaxe of freezing!!
You die...

.≈...................≈#..#..#
≈≈..................#≈#..#..#
≈≈≈.................#≈#..#.e#
≈≈#######...........#≈#..#..#
≈≈≈# ##........H..≈#..#..# ≈≈≈≈#
#........H..≈#..#..# ≈≈≈≈≈
#......C....≈#..#....JD. ≈≈≈≈≈
#############.≈#..#$....HW
########........@C...≈#..########
#...##...............≈#..........
#...##...............≈#.........)
.........)...........≈##########'
..........<..........≈≈≈≈≈≈≈≈≈≈≈≈
...#........########.............
.....###.............###..#######
..##################...#.....#...
..#............# ###.#.....#.##


You could see a frost giant.

Vanquished Creatures
  Kirke (D:12)
  Gastronok (Lair:2)
  A stone giant (Orc:1)
  Erolcha (D:12)
  6 hydras
  A catoblepas (Lair:5)
  4 ogre magi (Orc:2)
  15 two-headed ogres
  3 death yaks (Lair:4)
  A tengu warrior (D:12)
  Nergalle (D:10)
  5 large abominations (D:11)
  Pikel (D:3)
  An orc knight (Orc:2)
  A wizard (D:11)
  2 cyclopes
  An ugly thing (D:11)
  An oklob plant (Lair:6)
  Joseph (D:7)
  Maurice (D:12)
  2 molten gargoyles (Lair:5)
  22 spiny frogs
  2 black mambas
  7 elephants
  Psyche (D:10)
  2 gargoyles
  10 komodo dragons
  A rime drake (Lair:3)
  6 trolls
  Prince Ribbit (D:6)
  33 blink frogs
  A hornet (D:11)
  4 tyrant leeches (Lair:6)
  A slime creature (D:12)
  12 hippogriffs
  7 small abominations (D:11)
  A shadow (D:12)
  Sigmund (D:6)
  A water elemental (D:12)
  17 yaks
  2 wraiths (D:10)
  A human (D:8)
  A hungry ghost (D:12)
  5 wyverns
  3 hogs (D:12)
  Eustachio (D:4)
  7 vampire mosquitoes
  6 basilisks
  2 nagas (Lair:3)
  6 wargs
  An acid dragon (D:11)
  A soldier ant (D:11)
  Duvessa (D:5)
  10 porcupines
  3 slaves (D:3)
  11 water moccasins
  A black bear (D:6)
  12 orc warriors
  3 ice beasts
  2 sky beasts
  A necrophage (D:11)
  2 phantoms
  A hornet zombie (D:9)
  35 ogres
  16 wolves
  8 centaurs
  11 crocodiles
  2 big kobolds
  Blork the orc (D:6)
  23 bullfrogs
  A gnoll sergeant (D:10)
  Dowan (D:5)
  A water moccasin skeleton (D:10)
  A scorpion (D:11)
  8 wights
  7 howler monkeys
  3 electric eels
  A vampire bat (Orc:2)
  4 crimson imps
  5 lava snakes (Lair:5)
  3 bullfrog zombies (D:10)
  9 hounds
  4 centaur zombies
  2 jellies
  12 orc priests
  2 centaur skeletons
  15 orc wizards
  6 worker ants
  4 iguanas
  Natasha (thrice) (D:4)
  2 hell rats (Lair:5)
  A killer bee zombie (D:9)
  A hound zombie (D:8)
  2 hound skeletons
  4 gnolls (D:10)
  9 river rats (Lair:5)
  11 adders
  A howler monkey skeleton (D:10)
  A shadow imp (D:6)
  2 oozes (D:3)
  An adder skeleton (D:6)
  3 dart slugs
  5 leopard geckos
  55 orcs
  A ball python (D:1)
  8 bats
  A giant cockroach (D:3)
  10 goblins
  4 hobgoblins
  9 jackals
  4 quokkas
  8 frilled lizards
  15 kobolds
  2 leopard gecko skeletons
  13 rats
  A bush (Lair:6)
  A fungus (Lair:6)
  2 plants (Lair:6)
629 creatures vanquished.

Vanquished Creatures (collateral kills)
  A bullfrog skeleton (D:12)
1 creature vanquished.

Vanquished Creatures (others)
  A bush (Lair:6)
  15 fungi
  45 plants
61 creatures vanquished.

Grand Total: 691 creatures vanquished

Notes
Turn   | Place    | Note
-------+----------+-------------------------------------------
     0 | D:1      | gruber the Draconian Conjurer began the quest for the Orb.
     0 | D:1      | Reached XP level 1. HP: 14/14 MP: 3/3
   479 | D:1      | Reached XP level 2. HP: 20/20 MP: 1/5
  1141 | D:2      | Reached skill level 5 in Conjurations
  1141 | D:2      | Reached XP level 3. HP: 23/26 MP: 1/6
  1315 | D:2      | Learned a level 2 spell: Searing Ray
  2107 | D:3      | Found an ornate altar of the Wu Jian Council.
  2262 | D:3      | Reached XP level 4. HP: 33/33 MP: 7/7
  2607 | D:3      | Reached skill level 6 in Conjurations
  2810 | D:4      | Noticed a slave
  2811 | D:4      | Noticed a slave
  2811 | D:4      | Noticed a slave
  2853 | D:3      | Killed a slave
  2937 | D:4      | Noticed Pikel
  2954 | D:3      | Killed a slave
  3108 | D:4      | Reached XP level 5. HP: 31/38 MP: 2/8
  3473 | D:4      | Noticed Eustachio
  3481 | D:4      | Killed Eustachio
  3481 | D:4      | Reached skill level 7 in Conjurations
  3481 | D:4      | Reached XP level 6. HP: 35/45 MP: 1/9
  3568 | D:4      | Noticed a slave
  3670 | D:3      | Killed a slave
  3785 | D:3      | Killed Pikel
  3785 | D:3      | Reached skill level 9 in Conjurations
  3785 | D:3      | Your scales start taking on a lurid green colour.
  3785 | D:3      | Reached XP level 7. HP: 32/50 MP: 1/10
  3785 | D:3      | Gained mutation: Your system is resistant to poisons.
                  | (rPois) [Green Draconian growth]
  4121 | D:4      | Identified the +1 ring mail of the Monk {rPois rN++ SInv
                  | Stlth-}
  4239 | D:4      | Noticed Natasha
  4244 | D:4      | Killed Natasha
  4298 | D:4      | Reached skill level 10 in Conjurations
  4537 | D:4      | Noticed Natasha
  4546 | D:4      | Killed Natasha
  4546 | D:4      | Reached XP level 8. HP: 57/57 MP: 11/11
  4561 | D:4      | Noticed Natasha
  4566 | D:4      | Killed Natasha
  4629 | D:5      | Entered Level 5 of the Dungeon
  4840 | D:5      | Noticed Duvessa
  4840 | D:5      | Noticed Dowan
  4859 | D:5      | Killed Duvessa
  4865 | D:5      | Killed Dowan
  4960 | D:5      | Found a white marble altar of Elyvilon.
  5011 | D:5      | Got a steaming hat
  5017 | D:5      | Identified the +0 hat of Ethereal Salvation {rF- Dex+3}
                  | (You found it on level 5 of the Dungeon)
  5045 | D:5      | Found a basalt altar of Yredelemnul.
  5171 | D:5      | Reached skill level 5 in Spellcasting
  5769 | D:6      | Noticed Prince Ribbit
  5794 | D:6      | Killed Prince Ribbit
  5850 | D:6      | Reached XP level 9. HP: 57/62 MP: 1/19
  6328 | D:6      | Noticed Sigmund
  6346 | D:6      | Reached skill level 1 in Fighting
  6424 | D:6      | Killed Sigmund
  6490 | D:6      | Noticed Blork the orc
  6495 | D:6      | Killed Blork the orc
  6715 | D:6      | Reached skill level 5 in Fighting
  6940 | D:6      | Found a staircase to the Ecumenical Temple.
  7422 | D:7      | Noticed Joseph
  7443 | D:7      | Killed Joseph
  7586 | D:7      | Reached XP level 10. HP: 80/90 MP: 20/20
  7927 | D:8      | Found Fadof's Antique Armour Boutique.
  7933 | D:8      | Bought an embroidered scarf for 120 gold pieces
  7949 | D:8      | Bought a pitted cloak for 142 gold pieces
  7949 | D:8      | Identified the +2 cloak "Costret" {Dex+4} (You bought it in
                  | a shop on level 8 of the Dungeon)
  8056 | Temple   | Entered the Ecumenical Temple
  8132 | Temple   | Became a worshipper of Vehumet
  8192 | D:8      | Found Agrajiqu's Weapon Boutique.
  8328 | D:8      | Found Inkaicw's Assorted Antiques.
  8530 | D:8      | Found a shattered altar of Ashenzari.
  9160 | D:9      | Found a glowing golden altar of the Shining One.
  9191 | D:9      | Reached skill level 5 in Dodging
  9195 | D:9      | Learned a level 2 spell: Blink
  9574 | D:10     | Entered Level 10 of the Dungeon
  9607 | D:10     | Found Citsea's Food Emporium.
  9663 | D:10     | Reached skill level 11 in Conjurations
  9929 | D:10     | Noticed a gargoyle
  9939 | D:10     | Killed a gargoyle
  9939 | D:10     | Reached * piety under Vehumet
  9939 | D:10     | Offered knowledge of Foxfire by Vehumet.
 10098 | D:10     | Noticed an elephant
 10139 | D:10     | Reached skill level 12 in Conjurations
 10445 | D:10     | Found a staircase to the Orcish Mines.
 10458 | D:10     | Reached XP level 11. HP: 96/97 MP: 21/21
 10584 | D:10     | Noticed a five-headed hydra
 10584 | D:10     | Noticed Nergalle
 10615 | D:10     | Killed a five-headed hydra
 10805 | D:10     | Killed Nergalle
 10943 | D:10     | Found a staircase to the Lair.
 10958 | D:10     | Reached skill level 13 in Conjurations
 11221 | D:10     | Offered knowledge of Sandblast by Vehumet.
 11286 | D:10     | Found Dosewei's General Store.
 11290 | D:10     | Bought a scroll of enchant armour for 97 gold pieces
 11290 | D:10     | Bought a potion of curing for 39 gold pieces
 11290 | D:10     | Bought 2 potions of heal wounds for 130 gold pieces
 11314 | D:10     | Reached ** piety under Vehumet
 11316 | D:10     | Noticed Psyche
 11323 | D:10     | Killed Psyche
 11693 | D:11     | Noticed a purple ugly thing
 11703 | D:11     | Killed a purple ugly thing
 12051 | D:11     | Reached skill level 14 in Conjurations
 12241 | D:11     | Found a flagged portal.
 12326 | D:11     | Noticed a wizard
 12333 | D:11     | Killed a wizard
 12373 | D:11     | Noticed a large abomination
 12397 | D:11     | Killed a large abomination
 13497 | D:12     | Offered knowledge of Inner Flame by Vehumet.
 13497 | D:12     | Reached skill level 15 in Conjurations
 13806 | D:12     | Reached XP level 12. HP: 93/104 MP: 22/22
 13853 | D:12     | Noticed Erolcha
 13862 | D:12     | Killed Erolcha
 14233 | D:12     | Reached *** piety under Vehumet
 14233 | D:12     | Noticed Kirke
 14526 | D:12     | Learned a level 3 spell: Mephitic Cloud
 14741 | D:12     | Noticed a two-headed ogre
 14750 | D:12     | Killed a two-headed ogre
 15168 | D:12     | Reached skill level 16 in Conjurations
 15277 | D:12     | Noticed a tengu warrior
 15277 | D:12     | Noticed a four-headed hydra
 15277 | D:12     | Noticed a frost giant
 15310 | D:12     | Killed a tengu warrior
 15310 | D:12     | Offered knowledge of Static Discharge by Vehumet.
 15496 | D:12     | Noticed a deep elf high priest
 15532 | D:12     | HP: 3/104 [four-headed hydra (17)]
 15537 | D:12     | Killed a four-headed hydra
 15934 | D:12     | Noticed Maurice
 15942 | D:12     | Killed Maurice
 16093 | D:12     | Found Cuwnaagu's Demolitions Depot.
 16361 | Lair:1   | Entered Level 1 of the Lair of Beasts
 16442 | Lair:1   | Noticed a seven-headed hydra
 16469 | Lair:1   | Killed a seven-headed hydra
 17261 | Lair:2   | Reached skill level 17 in Conjurations
 17274 | Lair:2   | Reached skill level 1 in Poison Magic
 17278 | Lair:2   | Reached skill level 1 in Translocations
 17278 | Lair:2   | Reached skill level 1 in Air Magic
 17314 | Lair:2   | Noticed a seven-headed hydra
 18117 | Lair:2   | Noticed Gastronok
 18134 | Lair:2   | Killed Gastronok
 18733 | Lair:3   | Reached XP level 13. HP: 111/111 MP: 20/23
 18777 | Lair:3   | Reached skill level 5 in Translocations
 18870 | Lair:3   | Found a staircase to the Snake Pit.
 18876 | Lair:3   | Reached **** piety under Vehumet
 18955 | Lair:3   | Offered knowledge of Frozen Ramparts by Vehumet.
 18965 | Lair:3   | Learned a level 3 spell: Frozen Ramparts
 19111 | Lair:3   | Reached skill level 1 in Ice Magic
 19747 | Lair:4   | Found a staircase to the Swamp.
 19861 | Lair:4   | Reached skill level 5 in Poison Magic
 20367 | Lair:4   | Got a smouldering falchion
 20368 | Lair:4   | Identified the +3 falchion "Ypoxtiod" {vorpal, MR- Int+5}
                  | (You found it on level 4 of the Lair of Beasts)
 21220 | Lair:5   | Reached ***** piety under Vehumet
 21221 | Lair:5   | Offered knowledge of Fireball by Vehumet.
 21500 | Lair:5   | Reached skill level 10 in Spellcasting
 21854 | Lair:5   | Found an iron altar of Okawaru.
 22122 | Lair:1   | Reached skill level 1 in Shields
 22624 | Lair:6   | Entered Level 6 of the Lair of Beasts
 22724 | Lair:6   | Gained mutation: Your tail ends in a poisonous barb. [Green
                  | Draconian growth]
 22724 | Lair:6   | Reached XP level 14. HP: 112/118 MP: 11/28
 22998 | Lair:6   | Reached skill level 5 in Shields
 23706 | Lair:6   | Offered knowledge of Lightning Bolt by Vehumet.
 23787 | Lair:6   | Found a staircase to the Slime Pits.
 23788 | Lair:6   | Found a viscous altar of Jiyva.
 24903 | Orc:1    | Entered Level 1 of the Orcish Mines
 24905 | Orc:1    | Noticed a stone giant
 24935 | Orc:1    | Killed a stone giant
 25485 | Orc:1    | Found Litagol's Assorted Antiques.
 25818 | Orc:2    | Entered Level 2 of the Orcish Mines
 25826 | Orc:2    | Reached skill level 5 in Ice Magic
 26279 | Orc:2    | Offered knowledge of Ozocubu's Refrigeration by Vehumet.
 26427 | Orc:2    | Found a roughly hewn altar of Beogh.
 26436 | Orc:2    | Found a staircase to the Elven Halls.
 26659 | Orc:2    | Learned a level 6 spell: Ozocubu's Refrigeration
 26724 | Orc:2    | Reached XP level 15. HP: 124/124 MP: 21/30
 26748 | Orc:2    | Paralysed by an ogre mage for 3 turns
 26904 | Orc:2    | Found Jaocag's Distillery.
 26904 | Orc:2    | Found Kyfiuk's Food Emporium.
 26905 | Orc:2    | Found Jion's Gadget Emporium.
 26905 | Orc:2    | Found Soahot's Antique Armour Boutique.
 26914 | Orc:2    | Bought a pair of twisted boots for 294 gold pieces
 26915 | Orc:2    | Identified the +0 pair of boots "Baunt" {Harm} (You bought
                  | it in a shop on level 2 of the Orcish Mines)
 27342 | D:12     | Noticed a sphinx
 27354 | D:12     | Identified the amulet "Faefeem" {Acrobat rN+ Int+4 Dex+4
                  | Stlth+}
 27377 | D:12     | HP: 3/124 [frost giant/bolt of cold (35)]
 27378 | D:12     | Killed Kirke
 27378 | D:12     | Demolished by a frost giant

Illustrated notes

Levels and vault maps discovered:
D:1:      nicolae_arrival_washed_ashore, layout_rooms,
          hangedman_decor_diamond_cutter, minmay_3d_cube
D:2:      layout_loops_ring, nicolae_overflow_hidden_temple, grunt_ministairs_5,
          moated_statue, hangedman_abyss_or_decor_lesser_grid
D:3:      layout_rooms, overflow_temple_1_default, minmay_diced_spiral
D:4:      layout_loops_cross, uniq_pikel, uniq_natasha, uniq_eustachio
D:5:      layout_basic, kennysheep_ying_yang, first_ration, uniq_duvessa
D:6:      layout_basic, minmay_temple_entry_from_below_a, uniq_sigmund,
          uniq_blork_the_orc, uniq_prince_ribbit1
D:7:      layout_cave_pools, uniq_joseph
D:8:      layout_rooms, marbit_many_paths, serial_shops, nicolae_shop_crystal,
          nicolae_shop_waterfront, shop, grunt_pizzeria
D:9:      layout_loops_cross, nicolae_tso_carved_into_rock
D:10:     layout_basic, david_lair_generic, david_orc_3, serial_shops, shop,
          nicolae_shop_window_shopping, corexii_hall_statues_i, uniq_psyche,
          uniq_nergalle
D:11:     layout_loops_corners, enter_bailey_3, laboratory
D:12:     lemuel_traditional_vault, layout_basic, serial_rivers,
          chequers_serial_rivers_large_a, chequers_serial_rivers_small_b,
          chequers_serial_rivers_micro_e, chequers_serial_rivers_micro_a,
          chequers_serial_rivers_micro_c, nicolae_blasting_shop, uniq_kirke,
          uniq_maurice, uniq_erolcha
D:13:     layout_rooms, serial_rivers, chequers_serial_rivers_micro_a,
          chequers_serial_rivers_marsh, chequers_serial_rivers_micro_d,
          chequers_serial_rivers_micro_c, ebering_ghost_inner_flame,
          corexii_corridor_pit
Temple:   eino_temple_scatter_basement
Lair:1:   layout_misc_corridors, minivault_25, lemuel_fruit_tree
Lair:2:   layout_misc_corridors, uniq_gastronok
Lair:3:   layout_hall_layers, guppyfry_snake_entry_garden
Lair:4:   layout_layer_cave, minmay_swamp_entry_reptiles
Lair:5:   cheibrodos_magma_flow, layout_gridlike, basic_altar,
          kennysheep_rathole, grunt_megastairs_4
Lair:6:   minmay_lair_end_frog_pond, layout_misc_corridors, slime_altar_1,
          chequers_serial_rivers_micro_a, chequers_serial_rivers_micro_a
Orc:1:    layout_caves, serial_shops, nicolae_shop_overgrown_old_shop,
          mines5_lemuel
Orc:2:    st_orc_ogre_mass, layout_caves, basic_altar, roderic_batcave

Skill      XL: |  1  2  3  4  5  6  7  8  9 10 11 12 13 14 |
---------------+-------------------------------------------+-----
Conjurations   | 5 6 7 9 10 12 15 17 | 17.0
Spellcasting   | 6 7 10 11 | 11.2
Fighting       | 8 9 |  9.0
Dodging        | 5 |  5.0
Poison Magic   | 1 6 |  6.0
Translocations | 4 5 |  5.1
Air Magic      | 1 2 |  2.1
Ice Magic      | 3 9 |  9.8
Shields        | 3 7 |  7.0
Stealth        | |  1.7

Action                   |  1- 3 |  4- 6 |  7- 9 | 10-12 | 13-15 || total
-------------------------+-------+-------+-------+-------+-------++-------
Melee: Unarmed           |    29 |       |    14 |       |       ||    43
       Tailslap          |     4 |     2 |     8 |    22 |    26 ||    62
       Quarterstaff      |    15 |    44 |       |       |       ||    59
       Broad axe         |    14 |       |       |       |       ||    14
       Whip              |       |       |    94 |       |       ||    94
       Trident           |       |       |    38 |   195 |       ||   233
       Rapier            |       |       |       |    20 |    44 ||    64
       Falchion          |       |       |       |       |   132 ||   132
Throw: Dart              |       |     2 |       |       |       ||     2
 Cast: Magic Dart        |    47 |     1 |     1 |    18 |     4 ||    71
       Searing Ray       |     2 |    19 |    41 |   171 |   200 ||   433
       Blink             |       |       |       |     2 |     1 ||     3
       Frozen Ramparts   |       |       |       |       |    72 ||    72
       Mephitic Cloud    |       |       |       |       |    15 ||    15
       Ozocubu's Refrige |       |       |       |       |     8 ||     8
 Abil: Breathe Noxious F |       |       |    14 |    10 |    10 ||    34
Evoke: Wand              |       |       |       |    13 |     1 ||    14
       Box of beasts     |       |       |       |     1 |       ||     1
  Use: Scroll            |       |       |       |     6 |     9 ||    15
       Potion            |       |       |       |     2 |     1 ||     3
 Stab: Sleeping          |     2 |       |     1 |     2 |       ||     5
       Confused          |       |       |     2 |     1 |     2 ||     5
       Distracted        |       |       |       |     1 |     1 ||     2
  Eat: Chunk             |     5 |     6 |    15 |    27 |    27 ||    80
       Ration            |       |       |       |     3 |     1 ||     4
Armor: Skin              |    14 |    11 |    37 |    66 |    57 ||   185
Dodge: Dodged            |    45 |    77 |   184 |   595 |   562 ||  1463
Block: Buckler           |       |       |       |       |    91 ||    91
       Rpst.: Falchion   |       |       |       |       |   110 ||   110
